AoeStats
← [PSCH] R!ce

Nomad

507538620Analyzed
4v4 RM · 14d ago on Sep 18, 2026· 23m 11s· 8 players
Game mode
Random Map
Map size
231×231
Population
200
Speed
Normal
Resources
Standard
Victory
Conquest
Starting age
Dark Age
Ending age
Imperial Age
RankedLock teamsTeams togetherTeam positionsShared explorationLock speedFull tech treeHidden civsTurbo modeCheats
Victory
Defeat
🇨🇭 Berbers · Switzerland
1491
+9
🇨🇭 Georgians · Switzerland
1487
+9
🇨🇭 Magyars · Switzerland
1476
+9
🇨🇭 Slavs · Switzerland
1397
+12
🇻🇳 Spanish · Vietnam
1396
-12
🇹🇷 Aztecs · Türkiye
1364
-11
🇪🇨 Franks · Ecuador
1261
-8
🇫🇷 Hindustanis · France
1259
-8
wifi
4:56 Loom
12:33 Feudal Age
13:50 Double-Bit Axe
19:38 Castle Age
18:07 Stone Mining
Juanse7991
3:07 Loom
14:34 Feudal Age
18:52 Scale Barding Armor
24:48 Castle Age
23:40 Forging
Rpt
3:42 Loom
14:16 Feudal Age
19:30 Fletching
22:52 Castle Age
shogun
4:36 Loom
12:43 Feudal Age
14:16 Wheelbarrow
13:28 Double-Bit Axe
18:53 Castle Age
17:20 Stone Mining
20:33 Stone Shaft Mining
19:55 Town Watch
[PSCH] R!ce
4:57 Loom
12:55 Feudal Age
14:36 Double-Bit Axe
18:32 Fletching
23:02 Castle Age
[PSCH] wolverito
4:54 Loom
13:37 Feudal Age
15:29 Double-Bit Axe
19:26 Castle Age
19:15 Gold Mining
21:00 Fletching
23:03 Fishing Lines
23:38 Bow Saw
ChnebelSchnägg
4:39 Loom
13:57 Feudal Age
19:21 Castle Age
17:35 Double-Bit Axe
20:24 Pikeman
22:10 Scale Mail Armor
22:03 Gold Mining
[PSCH] Reh
5:41 Loom
12:43 Feudal Age
13:33 Double-Bit Axe
14:36 Gold Mining
19:48 Castle Age
17:56 Fishing Lines
20:00 Fletching
20:48 Bow Saw
21:40 Bloodlines
23:22 Padded Archer Armor
Connection lost

Rejoining the realm…

Still unreachable

The connection could not be restored.

Session expired

The server has moved on; the page needs a fresh start.